 Dungeon Crawl Stone Soup version 0.29.1-12-g30fa7ad0bf (webtiles) character file.

Game seed: 18208858065443154090

39 Radix the Caller (level 3, 0/19 HPs)
             Began as a Gargoyle Summoner on Dec 28, 2022.
             Shot with a sling bullet by an orc priest (3 damage)
             ... on level 2 of the Dungeon.
             The game lasted 00:10:25 (1717 turns).

Radix the Caller (Gargoyle Summoner)                Turns: 1717, Time: 00:10:25

Health: 0/19       AC:  5    Str: 11    XL:     3   Next: 45%
Magic:  5/7        EV: 11    Int: 17    God:
Gold:   124        SH:  0    Dex: 10    Spells: 3/7 levels left

rFire   . . .      SeeInvis .   d - +2 short sword (drain)
rCold   . . .      Faith    .   (no shield)
rNeg    + . .      Spirit   .   a - +0 robe
rPois   ∞          Reflect  .   (no helmet)
rElec   +          Harm     .   (no cloak)
rCorr   .          Rampage  .   (no gloves)
Will    .....                   (no boots)
Stlth   ++........              (no amulet)
HPRegen 0.06/turn               (no ring)
MPRegen 0.10/turn               (no ring)

@: no status effects
A: sickness immunity, AC +3, negative energy resistance 1, electricity
resistance, torment resistance 1, petrification resistance
a: no special abilities


You were on level 2 of the Dungeon.
You visited 1 branch of the dungeon, and saw 2 of its levels.

You collected 124 gold pieces.

Inventory:

Hand Weapons
 c - a +0 dagger
 d - a +2 short sword of draining (weapon)
Armour
 a - a +0 robe (worn)
Scrolls
 g - a scroll of noise {unknown}
Potions
 b - a potion of magic
 e - a potion of berserk rage {unknown}
 f - 3 potions of degeneration {unknown}
 h - a potion of ambrosia {unknown}
 i - a potion of flight {unknown}


   Skills:
 - Level 1.5 Dodging
 - Level 2.1 Stealth
 + Level 2.8 Spellcasting
 + Level 4.2 Summonings


You had 3 spell levels left.
You knew the following spells:

 Your Spells              Type           Power      Damage    Failure   Level
a - Summon Small Mammal   Summ           64%        N/A       3%          1
b - Call Canine Familiar  Summ           16%        N/A       10%         3

Your spell library contained the following spells:

 Spells                   Type           Power      Damage    Failure   Level
 Call Imp                 Summ           16%        N/A       4%          2
 Summon Guardian Golem    Hex/Summ       9%         N/A       22%         3
 Summon Lightning Spire   Summ/Air       9%         N/A       58%         4


Dungeon Overview and Level Annotations

Branches:
Dungeon (2/15)

Altars:

Shops:
D:2 [


Innate Abilities, Weirdness & Mutations

You are immune to sickness and miasma.
Your stone body is resilient. (AC +3)
You are immune to poison.
You resist negative energy. (rN+)
You are resistant to electric shocks. (rElec)
You are resistant to unholy torment.
You are immune to petrification.


Message History

t - Shout!
Orders for allies: a - Attack new target. r - Retreat! s - Stop attacking. g - Guard the area. f - Follow me.
Anything else - Cancel.
Gang up on whom?
Press: ? - help, Dir - move target, f - orc priest
Aim: an orc priest, wielding a +0 sling (ally target) Attack!
The orc priest calls down the wrath of Beogh upon you.
Beogh smites you!
Ouch! That really hurt!
What are your orders? t - Shout!
Orders for allies: a - Attack new target. p - Attack previous target. r - Retreat! s - Stop attacking. g - Guard the area. f - Follow me.
Anything else - Cancel.
Gang up on whom?
Press: ? - help, Dir - move target, f/p - orc priest
Aim: an orc priest, wielding a +0 sling (ally target) Attack!
The orc priest shoots a sling bullet.
The sling bullet barely misses your hound.
The sling bullet hits you.
* * * LOW HITPOINT WARNING * * *
Your hound barely misses the orc priest.
Your hound bites the orc priest.
An orc priest is nearby!
Your hound bites the orc priest.
The orc priest shoots a sling bullet.
The sling bullet barely misses your hound.
The sling bullet barely misses you.
Your hound barely misses the orc priest.
The orc priest shoots a sling bullet.
The sling bullet hits your hound.
Your hound barely misses the orc priest.
Okay, then.
Your hound bites the orc priest.
The orc priest shoots a sling bullet.
The sling bullet closely misses your hound.
The sling bullet hits you.
You die...

#......<......#
#.##.#
#.............#
#.##.#
#######....)o.#
#.##..
#.....h.#
#.#####
#.....o.# #.#
######h## #.#
#...# #.# #.###
#.# #@# #.# #.#
#.#
#.##########.#
#..).......).#
##############


You could see an orc priest (ally target) and a friendly hound (summoned).

Vanquished Creatures
  An orc (D:2)
  3 ball pythons
  3 bats
  An endoplasm (D:1)
  2 giant cockroaches
  A goblin (D:1)
  2 hobgoblins
  A kobold (D:1)
  3 rats (D:1)
17 creatures vanquished.

Vanquished Creatures (collateral kills)
  3 orcs (D:2)
  A bat (D:1)
  2 endoplasms
  2 goblins (D:1)
  2 hobgoblins (D:1)
  2 ball pythons (D:1)
  A rat (D:2)
13 creatures vanquished.

Grand Total: 30 creatures vanquished

Notes
Turn   | Place    | Note
-------+----------+-------------------------------------------
     0 | D:1      | Radix the Gargoyle Summoner began the quest for the Orb.
     0 | D:1      | Reached XP level 1. HP: 10/10 MP: 3/3
   361 | D:1      | Reached XP level 2. HP: 14/15 MP: 1/5
   375 | D:1      | Found a faded altar of an unknown god.
   719 | D:1      | Reached skill level 4 in Summonings
  1077 | D:1      | Reached XP level 3. HP: 19/19 MP: 3/6
  1200 | D:1      | Learned a level 3 spell: Call Canine Familiar
  1306 | D:2      | Found Kicatahew's Armour Emporium.
  1717 | D:2      | Shot with a sling bullet by an orc priest

Illustrated notes

Levels and vault maps discovered:
D:1:      scummos_arrival_forest, layout_loops_ring,
          chequers_ecumenical_altar_island
D:2:      cheibrodos_pilgrimage, layout_basic, serial_shops, nicolae_shop_stone

Skill      XL: |  1  2 |
---------------+-------+-----
Summonings     | 4 |  4.2
Dodging        | |  1.5
Stealth        | |  2.1
Spellcasting   | |  2.8

Action                   || total
-------------------------++-------
Melee: Dagger            ||     9
       Short sword       ||    30
 Cast: Summon Small Mamm ||    40
       Call Canine Famil ||     2
Armor: Robe              ||    19
Dodge: Dodged            ||    43
